 Dungeon Crawl Stone Soup version 0.23.2-30-g0e89c35649 (webtiles) character file.

Game seed: 14168487529060998949

979 HASTUR3 the Chucker (level 7, 60/61 HPs)
             Began as a Troll Arcane Marksman on June 21, 2019.
             Was a Follower of Cheibriados.
             Quit the game on level 5 of the Dungeon.
             The game lasted 00:14:09 (2953 turns).

HASTUR3 the Chucker (Troll Arcane Marksman)         Turns: 2953, Time: 00:14:09

Health: 60/61      AC:  6    Str: 21    XL:     7   Next: 96%
Magic:  7/7        EV: 10    Int: 11    God:    Cheibriados [*.....]
Gold:   173        SH:  0    Dex: 14    Spells: 4/8 levels left

rFire    . . .     SeeInvis .     - Unarmed
rCold    . . .     Gourm    +   (no shield)
rNeg     . . .     Faith    .   a - +0 robe
rPois    .         Spirit   .   (helmet restricted)
rElec    .         Reflect  .   (no cloak)
rCorr    .         Harm     .   (gloves unavailable)
MR       .....                  (boots unavailable)
Stlth    +.........             (no amulet)
HPRegen  0.60/turn              (no ring)
MPRegen  0.10/turn              (no ring)

@: very slow
A: large, unfitting armour, claws 3, fast metabolism 3, gourmand, regeneration
1, shaggy fur 1, tough skin 3
a: Bend Time, Renounce Religion


You were on level 5 of the Dungeon.
You worshipped Cheibriados.
Cheibriados was aware of your devotion.
You were completely stuffed.

You visited 2 branches of the dungeon, and saw 6 of its levels.

You collected 173 gold pieces.

Inventory:

Hand Weapons
 m - a +0 dagger
Missiles
 d - 2 throwing nets
 u - a tomahawk (quivered)
 w - 2 large rocks
Armour
 a - a +0 robe (worn)
 q - a +0 cloak
Jewellery
 g - an uncursed ring of see invisible {unknown}
 r - an uncursed ring of protection from cold
 t - an uncursed ring of flight {unknown}
Wands
 x - a wand of acid (7)
Scrolls
 e - a scroll of remove curse {unknown}
 h - 2 scrolls of magic mapping {unknown}
 i - 2 scrolls of identify {unknown}
 j - 2 scrolls of amnesia {unknown}
 k - a scroll of fear {unknown}
 l - a scroll of enchant armour {unknown}
 n - a scroll of random uselessness {unknown}
 p - a scroll of blinking {unknown}
 s - a scroll of immolation {unknown}
 v - a scroll of fog {unknown}
Potions
 c - a potion of mutation {unknown}
 o - a potion of lignification
 z - a potion of curing {unknown}
Comestibles
 b - 4 chunks of flesh
 f - 10 rations


   Skills:
 - Level 0.7 Fighting
 - Level 6.4 Throwing
 - Level 1.5 Dodging
 - Level 4.0 Unarmed Combat
 - Level 1.0 Spellcasting
 + Level 2.6 Hexes
 * Level 2.4 Translocations


You had 4 spell levels left.
You knew the following spells:

 Your Spells              Type           Power        Failure   Level  Hunger
a - Corona                Hex            #......      11%         1    ##.....
b - Portal Projectile     Hex/Tloc       #.....       34%         3    ####...

Your spell library contained the following spells:

 Spells                   Type           Power        Failure   Level  Hunger
 Slow                     Hex            #.......     17%         2    ###....
 Inner Flame              Hex/Fire       #.......     50%         3    ####...
 Cause Fear               Hex            #.........   73%         4    #####..
 Leda's Liquefaction      Hex/Erth       #.........   88%         4    #####..


Dungeon Overview and Level Annotations

Branches:
Dungeon (5/15)             Temple (1/1) D:4

Altars:
Ashenzari
Cheibriados
Dithmenos
Fedhas
Gozag
Kikubaaqudgha
Okawaru
Qazlal
Ru
Sif Muna
Trog
Uskayaw
Vehumet
Wu Jian
Yredelemnul
The Shining One


Innate Abilities, Weirdness & Mutations

You are too large for most types of armour.
You have claws for hands.
Your metabolism is lightning-fast.
You like to eat raw meat.
Your natural rate of healing is unusually fast.
You are covered in fur. (AC +1)
You have extremely tough skin. (AC +3)


Message History

The orc priest is severely wounded.
The orc priest closely misses you. The orc hits you but does no damage.
You scratch the orc priest.
The orc priest is almost dead.
The orc priest hits you but does no damage.
You claw the orc priest!
You kill the orc priest!
Cheibriados appreciates the change of pace.
The orc hits you with a +0 hand axe.
You claw the orc!
You kill the orc!
Cheibriados appreciates the change of pace.
Things that are here:
a +0 hand axe; a +0 chain mail; an orc corpse You butcher the orc corpse.
b - 4 chunks of flesh (gained 1)
Things that are here:
a +0 hand axe; a +0 chain mail; an orc skeleton You see here a +0 club.
Are you sure you want to abandon this character and quit the game? (Confirm with "yes".)

......... . #........
#[ #........
oo####..(....
#o........# ..#
#........# ..# #
###..#......###).##
#.
#.).##รท............
#.#.@###.o...........
#.)###........##....
#.#)................
#.###................
## #................
#...#......##....
#...###..........
##...#.....<.##..
##..............


There were no monsters in sight!

Vanquished Creatures
  Pikel (D:4)
  3 slaves (D:4)
  A bullfrog (D:3)
  2 orc priests
  2 hounds (D:4)
  An iguana (D:4)
  5 worker ants
  Robin (D:2)
  2 worker ant zombies
  3 gnolls (D:4)
  6 adders
  An ooze (D:1)
  An adder skeleton (D:5)
  2 worms (D:2)
  A dart slug (D:3)
  2 leopard geckos (D:4)
  8 orcs
  2 ball pythons
  3 giant cockroaches
  14 goblins
  14 hobgoblins
  6 jackals
  14 kobolds
  7 bats
  6 frilled lizards
  8 rats
116 creatures vanquished.

Vanquished Creatures (others)
  A slave (D:4)
  An orc (D:4)
2 creatures vanquished.

Grand Total: 118 creatures vanquished

Notes
Turn   | Place    | Note
-------+----------+-------------------------------------------
     0 | D:1      | HASTUR3 the Troll Arcane Marksman began the quest for the
                  | Orb.
     0 | D:1      | Reached XP level 1. HP: 18/18 MP: 1/1
    61 | D:1      | Reached skill level 2 in Throwing
    89 | D:1      | Reached skill level 1 in Unarmed Combat
    92 | D:1      | Reached XP level 2. HP: 26/26 MP: 2/2
   664 | D:2      | Reached XP level 3. HP: 32/32 MP: 3/3
   718 | D:2      | Identified the +2 helmet of the Pleiades {+Fly rF+}
   718 | D:2      | Noticed Robin
   752 | D:2      | Killed Robin
   752 | D:2      | Reached skill level 3 in Throwing
   859 | D:2      | Reached XP level 4. HP: 33/40 MP: 4/4
  1422 | D:3      | Found a sacrificial altar of Ru.
  1648 | D:3      | Noticed a bullfrog
  1663 | D:3      | Killed a bullfrog
  1663 | D:3      | Reached skill level 4 in Throwing
  1663 | D:3      | Reached XP level 5. HP: 29/46 MP: 5/5
  2142 | D:4      | Noticed a slave
  2143 | D:4      | Noticed Pikel
  2145 | D:4      | Noticed a slave
  2151 | D:4      | Noticed a slave
  2158 | D:4      | Noticed a slave
  2181 | D:4      | Killed Pikel
  2181 | D:4      | Reached skill level 6 in Throwing
  2181 | D:4      | Reached XP level 6. HP: 54/54 MP: 6/6
  2181 | D:4      | Reached XP level 7. HP: 61/61 MP: 7/7
  2285 | D:4      | Found a staircase to the Ecumenical Temple.
  2315 | Temple   | Entered the Ecumenical Temple
  2337 | Temple   | Became a worshipper of Cheibriados the Contemplative
  2342 | Temple   | Learned a level 3 spell: Portal Projectile
  2492 | D:4      | Reached skill level 1 in Translocations
  2688 | D:4      | Found a stormy altar of Qazlal.
  2835 | D:4      | Found a deep blue altar of Sif Muna.
  2837 | D:4      | Found a basalt altar of Yredelemnul.
  2886 | D:5      | Entered Level 5 of the Dungeon
  2890 | D:5      | Reached * piety under Cheibriados
  2953 | D:5      | Quit the game

Skill      XL: |  1  2  3  4  5  6  7 |
---------------+----------------------+-----
Throwing       | 2 3 4 6 |  6.4
Unarmed Combat | 1 2 4 |  4.0
Translocations | 2 |  2.4
Fighting       | |  0.7
Dodging        | |  1.5
Spellcasting   | |  1.0
Hexes          | |  2.6

Action                   |  1- 3 |  4- 6 |  7- 9 || total
-------------------------+-------+-------+-------++-------
Melee: Unarmed           |    84 |   146 |    99 ||   329
Throw: Large rock        |    25 |    10 |     3 ||    38
       Throwing net      |     1 |       |       ||     1
       Stone             |       |    33 |       ||    33
       Tomahawk          |       |    11 |    13 ||    24
  Use: Potion            |       |     3 |       ||     3
 Stab: Sleeping          |       |     3 |     1 ||     4
       Distracted        |       |       |     1 ||     1
  Eat: Chunk             |    13 |    13 |     8 ||    34
Armor: Robe              |    28 |    69 |    40 ||   137
       Skin              |       |     7 |     7 ||    14
Dodge: Dodged            |    55 |    78 |    51 ||   184
